[Event "Titled Tuesday Blitz April 05 Late 2022"]
[White "Pinheiro, Iung Alicio de O."]
[Black "Nepomniachtchi, Ian"]
[WhiteFideId "2104350"]
[BlackFideId "4168119"]
[WhiteElo "2542"]
[BlackElo "2740"]
[Result "1/2-1/2"]
[Round "01"]
[TimeControl "180+1"]
[Date "2022.04.05"]
[WhiteClock "0:00:12"]
[BlackClock "0:01:01"]

1. c4 e5 2. g3 h5 3. Nc3 h4 4. g4 Nc6 5. h3 Bc5 6. Bg2 d6 7. e3 f5 8. gxf5 Bxf5 9. Be4 Nge7 10. a3 a5 11. Qc2 Qd7 12. b3 O-O 13. Bb2 Rf7 14. Nf3 Bxe4 15. Qxe4 Qf5 16. Qxf5 Nxf5 17. Ng5 Rd7 18. Nd5 Nce7 19. Rc1 Nxd5 20. cxd5 c6 21. dxc6 bxc6 22. Ne4 Rb8 23. Rg1 Kh7 24. Bxe5 Rxb3 25. Nxc5 dxc5 26. Ra1 Re7 27. Bc3 Nd4 28. Kd1 Nf3 29. Rg4 Rb8 30. Rf4 Ng5 31. Rxh4+ Kg8 32. Kc2 Ne4 33. Rb1 Rd8 34. Rb6 Nxf2 35. Rxc6 Ne4 36. Bxa5 Ra8 37. Bc3 Rxa3 38. Rg4 Nxc3 39. dxc3 Rxe3 40. Rxc5 Rxh3 41. Rc7 Rh7 42. Rc8+ Kf7 43. Rc7+ Kf6 44. Rc6+ Kf5 45. Rcg6 Rh2+ 46. Kd3 Rh3+ 47. Kd4 Rhxc3 48. R6g5+ Ke6 49. Rg6+ Kf5 50. R6g5+ Ke6 51. Rg6+ Kf5 1/2-1/2


[Site "https://www.chess.com"]

[Event "Titled Tuesday Blitz April 05 Late 2022"]
[White "Plotnikov, Pavel"]
[Black "Fedoseev, Vladimir"]
[WhiteFideId "4170342"]
[BlackFideId "24130737"]
[WhiteElo "2298"]
[BlackElo "2726"]
[Result "0-1"]
[Round "01"]
[TimeControl "180+1"]
[Date "2022.04.05"]
[WhiteClock "0:00:05"]
[BlackClock "0:00:13"]

1. e4 c6 2. d4 d5 3. exd5 cxd5 4. Bd3 Nc6 5. c3 Qc7 6. Ne2 e5 7. dxe5 Nxe5 8. Bb5+ Bd7 9. Bxd7+ Qxd7 10. O-O Nf6 11. Nd4 Bd6 12. Bf4 O-O 13. Nd2 Rfe8 14. h3 a6 15. N2f3 Nc4 16. Bxd6 Qxd6 17. Qc2 Rac8 18. Rfe1 Ne4 19. Rad1 Qb6 20. Re2 g6 21. Rde1 Red8 22. Qc1 Qf6 23. Qh6 b5 24. a3 Rd6 25. Nh2 Qg7 26. Qf4 Rf6 27. Qh4 h5 28. f3 Ned6 29. Qg3 Rf8 30. h4 Nf5 31. Nxf5 Rxf5 32. Qf2 Qf6 33. Re8 Rxe8 34. Rxe8+ Kh7 35. Qc5 d4 36. Qf8 Qg7 37. Qxg7+ Kxg7 38. cxd4 Nxb2 39. Ra8 Rf6 40. Nf1 Nc4 41. Ng3 Nxa3 42. Ne4 Rb6 43. d5 Nc4 44. Rd8 b4 45. d6 Nxd6 46. Nxd6 b3 47. Ne8+ Kf8 48. Nc7+ Ke7 49. Rd1 Rc6 50. Rb1 Rxc7 51. Rxb3 Ra7 52. Ra3 a5 53. Kf2 Kd6 54. Ke3 Kc5 55. Kd3 Kb4 56. Ra1 Rd7+ 57. Kc2 Rc7+ 58. Kb2 Re7 59. Rb1 Re2+ 0-1


[Site "https://www.chess.com"]

[Event "Titled Tuesday Blitz April 05 Late 2022"]
[White "Prohorov, Olexandr"]
[Black "Rustemov, Alexander"]
[WhiteFideId "14105578"]
[BlackFideId "4119002"]
[WhiteElo "1993"]
[BlackElo "2810"]
[Result "1-0"]
[Round "01"]
[TimeControl "180+1"]
[Date "2022.04.06"]
[WhiteClock "0:00:03"]
[BlackClock "0:00:01"]

1. e4 e6 2. d4 d5 3. Nd2 dxe4 4. Nxe4 Bd7 5. Nf3 Bc6 6. Bd3 Nd7 7. O-O Ngf6 8. Ng3 Be7 9. Re1 O-O 10. c4 Bb4 11. Bd2 Bxf3 12. gxf3 Bxd2 13. Qxd2 Re8 14. Rad1 c6 15. Bc2 Qc7 16. Ne4 Nh5 17. c5 Ndf6 18. Nd6 Red8 19. Qg5 Rxd6 20. cxd6 Qxd6 21. Qe5 Rd8 22. a3 Nf4 23. Be4 Ne2+ 24. Kg2 Nxd4 25. Qxd6 Rxd6 26. b4 Nh5 27. Re3 g5 28. Kf1 Nf4 29. Rc3 Kg7 30. Rc5 f5 31. Bb1 Kf6 32. a4 b6 33. Rc4 e5 34. a5 b5 35. Rc5 Nfe6 36. Rc3 a6 37. Ba2 Nf8 38. Kg2 Nd7 39. Re1 h5 40. Bb1 h4 41. h3 c5 42. bxc5 Rc6 43. Rd1 Rxc5 44. Rxc5 Nxc5 45. Rc1 Nce6 46. Rc8 Nf4+ 47. Kf1 Nxh3 48. Ra8 Nf4 49. Rxa6+ Ke7 50. Rb6 h3 51. Kg1 Nxf3+ 52. Kh1 h2 53. Bxf5 Nd5 54. Rb8 Nd4 55. a6 Nc6 56. Rb7+ Kd6 57. Be4 b4 58. a7 Nxa7 59. Rxa7 Nc3 60. Bc2 Kc5 61. Kxh2 Kc4 62. Rb7 e4 63. Kg3 Nd5 64. Kg4 e3 65. Kxg5 e2 66. Rf7 1-0


[Site "https://www.chess.com"]

[Event "Titled Tuesday Blitz April 05 Late 2022"]
[White "Putri, Regita Desyari"]
[Black "Fishbein, Alexander"]
[WhiteFideId "7109083"]
[BlackFideId "2000377"]
[WhiteElo "1930"]
[BlackElo "2442"]
[Result "0-1"]
[Round "01"]
[TimeControl "180+1"]
[Date "2022.04.06"]
[WhiteClock "0:01:53"]
[BlackClock "0:02:19"]

1. c4 Nf6 2. Nf3 g6 3. Nc3 Bg7 4. e4 O-O 5. d4 d6 6. Be2 e5 7. O-O exd4 8. Nxd4 c6 9. Be3 Re8 10. f3 d5 11. cxd5 Nxd5 12. Bg5 Qxg5 13. exd5 Qe3+ 14. Kh1 Qxd4 15. Qb3 Qb6 16. Qc2 Bf5 17. Bd3 Bxd3 18. Qxd3 Na6 19. d6 Rad8 20. Rad1 Nc5 21. Qc2 Ne6 22. Na4 Qb5 23. b3 Rxd6 24. Rde1 Red8 25. Qe4 Qd5 26. Qg4 h5 27. Qg3 Qg5 28. Qf2 Rd2 29. Qg1 Bd4 0-1


[Site "https://www.chess.com"]

[Event "Titled Tuesday Blitz April 05 Late 2022"]
[White "Ricaurte Lopez, Juan Carlos"]
[Black "Arabidze, Meri"]
[WhiteFideId "3600327"]
[BlackFideId "13604040"]
[WhiteElo "2209"]
[BlackElo "2335"]
[Result "0-1"]
[Round "01"]
[TimeControl "180+1"]
[Date "2022.04.06"]
[WhiteClock "0:00:01"]
[BlackClock "0:00:19"]

1. e4 c5 2. Nf3 e6 3. d4 cxd4 4. Nxd4 Nc6 5. Nc3 a6 6. f4 Qc7 7. Nb3 d6 8. Bd3 Nf6 9. O-O Be7 10. Kh1 b5 11. Qe2 Bb7 12. Bd2 O-O 13. Rae1 b4 14. Nd1 a5 15. e5 Ne8 16. exd6 Nxd6 17. Qh5 g6 18. Qh6 Bf6 19. Ne3 Bg7 20. Qh4 Nf5 21. Nxf5 exf5 22. Nc5 Bc8 23. c3 Qd6 24. Qf2 Qd5 25. a3 bxa3 26. bxa3 h5 27. Be3 Bxc3 28. Rd1 Bd4 29. Bxd4 Qxd4 30. Qxd4 Nxd4 31. Bc4 Ne6 32. Nd3 Ba6 33. Bxa6 Rxa6 34. Ne5 Ra7 35. g3 Rc8 36. Rd3 Rc2 37. Rfd1 Nc5 38. R3d2 Rxd2 39. Rxd2 a4 40. Rd4 Rb7 41. Rc4 Rb1+ 42. Kg2 Rb2+ 43. Kf3 Ne4 44. Rxa4 Rxh2 45. Ra7 Rf2+ 46. Ke3 Rg2 47. Nxf7 Rxg3+ 48. Kd4 h4 0-1


[Site "https://www.chess.com"]

[Event "Titled Tuesday Blitz April 05 Late 2022"]
[White "Riehle, Marco"]
[Black "Sadhwani, Raunak"]
[WhiteFideId "12904392"]
[BlackFideId "35093487"]
[WhiteElo "2462"]
[BlackElo "2616"]
[Result "0-1"]
[Round "01"]
[TimeControl "180+1"]
[Date "2022.04.05"]
[WhiteClock "0:01:01"]
[BlackClock "0:00:26"]

1. e4 g6 2. d4 Bg7 3. c4 d6 4. Nc3 Nd7 5. f3 c5 6. Nge2 Ngf6 7. Be3 O-O 8. Qd2 a6 9. dxc5 Nxc5 10. Nd4 Bd7 11. Be2 Rc8 12. O-O Qc7 13. Rac1 Qb8 14. b4 Ne6 15. Nd5 Nxd5 16. cxd5 Nxd4 17. Bxd4 Rxc1 18. Rxc1 Rc8 19. Rc3 Rxc3 20. Qxc3 Qa7 21. Bxa7 Bxc3 22. b5 axb5 23. Kf2 Kf8 24. Ke3 Ke8 25. Bb6 Bb4 26. Kd4 Be1 27. Ke3 h5 28. g3 h4 29. g4 g5 30. h3 Bb4 31. Kd4 Bd2 32. Bf1 e6 33. Be2 Ke7 34. Bf1 Be1 35. Ke3 Bg3 36. Be2 exd5 37. exd5 f5 38. Kd2 Be5 39. Kc2 Be8 40. a3 Bf7 41. Bxb5 Bxd5 42. Be2 fxg4 43. fxg4 Bg2 44. Kd3 Bxh3 45. Bf3 Bf1+ 46. Ke4 Ke6 47. Ke3 d5 48. Bd1 Bf4+ 49. Kf2 Bd3 50. Bd4 Be4 51. Bf3 h3 52. Bxe4 dxe4 53. Kg1 Kd5 54. Bf2 e3 55. Be1 Ke4 56. a4 Kf3 57. a5 Kxg4 58. a6 bxa6 59. Kf1 Kf3 60. Kg1 g4 61. Kh1 g3 62. Kg1 h2+ 63. Kh1 g2# 0-1


[Site "https://www.chess.com"]

[Event "Titled Tuesday Blitz April 05 Late 2022"]
[White "Roberson, Peter T"]
[Black "Gulecyuz, Deniz"]
[WhiteFideId "412384"]
[BlackFideId "30921341"]
[WhiteElo "2346"]
[BlackElo "1923"]
[Result "1-0"]
[Round "01"]
[TimeControl "180+1"]
[Date "2022.04.06"]
[WhiteClock "0:01:27"]
[BlackClock "0:00:06"]

1. e4 c5 2. Nf3 Nc6 3. b3 Nf6 4. e5 Nd5 5. Bb2 d6 6. g3 Bf5 7. Bg2 e6 8. O-O Rc8 9. Re1 Ndb4 10. d3 d5 11. Nh4 Bg6 12. f4 Be7 13. Nxg6 hxg6 14. Nd2 b5 15. a3 Na6 16. a4 bxa4 17. Rxa4 Qb6 18. c4 Nab4 19. Qe2 Nc2 20. Rf1 N6d4 21. Bxd4 Nxd4 22. Qd1 Rd8 23. h4 Nf5 24. Qf3 d4 25. Rfa1 Rd7 26. Qa8+ Bd8 27. Bc6 Nxg3 28. Rxa7 Rxh4 29. Rxd7 Nf5 30. Rc7+ Kf8 1-0


[Site "https://www.chess.com"]

[Event "Titled Tuesday Blitz April 05 Late 2022"]
[White "Roman, Rodrigo"]
[Black "Aldokhin, Ivan"]
[WhiteFideId "3701220"]
[BlackFideId "24115720"]
[WhiteElo "2001"]
[BlackElo "2231"]
[Result "0-1"]
[Round "01"]
[TimeControl "180+1"]
[Date "2022.04.06"]
[WhiteClock "0:01:02"]
[BlackClock "0:01:25"]

1. e4 c5 2. Nf3 e6 3. Nc3 Nc6 4. Bc4 a6 5. a4 Nf6 6. d3 d5 7. exd5 exd5 8. Ba2 Be7 9. O-O O-O 10. Bg5 Nb4 11. Re1 Nxa2 12. Rxa2 Bg4 13. Rxe7 Qxe7 14. Nxd5 Qe6 15. Bxf6 Qxd5 16. c4 Qf5 17. Bc3 Rad8 18. d4 Bxf3 19. gxf3 cxd4 20. Bd2 Rd6 21. b4 Re8 22. c5 Rg6+ 23. Kh1 Qh3 0-1


[Site "https://www.chess.com"]

[Event "Titled Tuesday Blitz April 05 Late 2022"]
[White "Romanchuk, Viktor"]
[Black "Maranhao,Jose Renato Ruiz"]
[WhiteFideId "14109271"]
[BlackFideId "2135175"]
[WhiteElo "2242"]
[BlackElo "1970"]
[Result "1-0"]
[Round "01"]
[TimeControl "180+1"]
[Date "2022.04.06"]
[WhiteClock "0:01:15"]
[BlackClock "0:00:02"]

1. d4 d5 2. c4 c6 3. Nc3 Nf6 4. e3 e6 5. Nf3 Nbd7 6. Qc2 Bd6 7. b3 O-O 8. Bb2 Qe7 9. Be2 e5 10. cxd5 Nxd5 11. Nxd5 cxd5 12. dxe5 Nxe5 13. O-O Nxf3+ 14. Bxf3 Be6 15. Rac1 Rac8 16. Qd2 Rxc1 17. Rxc1 Rd8 18. Qd4 f6 19. Qxa7 Be5 20. Bd4 Bf7 21. Qc5 Qxc5 22. Rxc5 Bxd4 23. exd4 Ra8 24. a4 b6 25. Rb5 Re8 26. h4 1-0


[Site "https://www.chess.com"]

[Event "Titled Tuesday Blitz April 05 Late 2022"]
[White "Ronka, Erik"]
[Black "Hakobyan, Aram"]
[WhiteFideId "505080"]
[BlackFideId "13306677"]
[WhiteElo "2264"]
[BlackElo "2557"]
[Result "0-1"]
[Round "01"]
[TimeControl "180+1"]
[Date "2022.04.05"]
[WhiteClock "0:00:04"]
[BlackClock "0:00:40"]

1. e4 c5 2. Nf3 a6 3. c3 d5 4. exd5 Qxd5 5. d4 e6 6. Be3 cxd4 7. cxd4 Nf6 8. Nc3 Qd6 9. Bd3 Nc6 10. Rc1 Be7 11. O-O O-O 12. Qd2 Rd8 13. Ne4 Nxe4 14. Bxe4 Bd7 15. Rfd1 Be8 16. a3 Rac8 17. Qe2 Bf6 18. d5 exd5 19. Bxd5 Qe7 20. h3 h6 21. Ba2 Ne5 22. Nd4 Rxc1 23. Rxc1 Ng6 24. Nf3 Nf4 25. Qc2 Nd3 26. Bb1 g6 27. Rd1 Nxb2 28. Rxd8 Qxd8 29. Bxh6 Bc6 30. Nd2 Bg5 31. Bxg5 Qxg5 32. f3 Qe3+ 33. Kh2 Qxa3 34. Ne4 Bxe4 35. Qxe4 Qd6+ 36. Kg1 b5 37. Qa8+ Kg7 38. Be4 Nc4 39. Qxa6 Qxa6 0-1


[Site "https://www.chess.com"]

[Event "Titled Tuesday Blitz April 05 Late 2022"]
[White "Rorrer, Grayson"]
[Black "Foisor, Sabina-Francesca"]
[WhiteFideId "30944996"]
[BlackFideId "1212915"]
[WhiteElo "2122"]
[BlackElo "2243"]
[Result "1-0"]
[Round "01"]
[TimeControl "180+1"]
[Date "2022.04.06"]
[WhiteClock "0:00:14"]
[BlackClock "0:00:09"]

1. e4 c6 2. d4 d5 3. exd5 cxd5 4. Bd3 g6 5. Nf3 Bg7 6. O-O Nc6 7. c3 Nf6 8. Bf4 O-O 9. h3 a6 10. Nbd2 b5 11. Ne5 Bb7 12. Re1 Rc8 13. Qe2 e6 14. Nb3 Nxe5 15. Bxe5 Nd7 16. Bxg7 Kxg7 17. a4 Bc6 18. axb5 Bxb5 19. Bxb5 axb5 20. Qxb5 Rb8 21. Qa4 Nb6 22. Qa7 Nc4 23. Nc5 Kg8 24. b3 Nb6 25. Qa6 Ra8 26. Qd3 Qf6 27. Ra6 Rxa6 28. Qxa6 Rb8 29. Re3 Qd8 30. Rf3 Qc8 31. Qa7 Qf8 32. Rxf7 Qxf7 33. Qxb8+ Kg7 34. Qxb6 Qf4 35. Nxe6+ 1-0


[Site "https://www.chess.com"]

[Event "Titled Tuesday Blitz April 05 Late 2022"]
[White "Rostovtsev, Dmitry"]
[Black "Polok, Kacper"]
[WhiteFideId "34278320"]
[BlackFideId "1137158"]
[WhiteElo "2272"]
[BlackElo "2224"]
[Result "1-0"]
[Round "01"]
[TimeControl "180+1"]
[Date "2022.04.06"]
[WhiteClock "0:02:39"]
[BlackClock "0:02:14"]

1. e4 c5 2. Nf3 Nc6 3. Bb5 d6 4. O-O Bd7 5. Re1 a6 6. Bf1 e5 7. c3 Nf6 8. h3 Be7 9. d4 O-O 10. d5 Nb8 11. a4 Ne8 12. Nbd2 g6 13. Nc4 Ng7 14. Bh6 f5 15. exf5 gxf5 16. Qd2 Rf6 17. Bg5 Rg6 18. Bxe7 Qxe7 19. Nfxe5 dxe5 20. Nxe5 Rd6 21. Nc4 Qf6 22. Nxd6 Qxd6 23. Qg5 Be8 24. Rxe8+ Kf7 25. Re3 1-0


[Site "https://www.chess.com"]

[Event "Titled Tuesday Blitz April 05 Late 2022"]
[White "Rudzinska, Michalina"]
[Black "Weetik, Vjacheslav"]
[WhiteFideId "1172883"]
[BlackFideId "4153472"]
[WhiteElo "1904"]
[BlackElo "2469"]
[Result "1-0"]
[Round "01"]
[TimeControl "180+1"]
[Date "2022.04.06"]
[WhiteClock "0:01:25"]
[BlackClock "0:00:17"]

1. e4 c6 2. d4 d5 3. Nc3 dxe4 4. Nxe4 Nf6 5. Nxf6+ exf6 6. c3 Bd6 7. Bd3 O-O 8. Ne2 Re8 9. O-O Nd7 10. Bf4 Nf8 11. Bxd6 Qxd6 12. Ng3 g6 13. Re1 Rxe1+ 14. Qxe1 f5 15. Qd2 Ne6 16. Re1 c5 17. Bxf5 cxd4 18. cxd4 Kg7 19. d5 Nf8 20. Re8 Nd7 21. Nh5+ 1-0


[Site "https://www.chess.com"]

[Event "Titled Tuesday Blitz April 05 Late 2022"]
[White "Saldano Dayer, Horacio"]
[Black "Naroditsky, Daniel"]
[WhiteFideId "103411"]
[BlackFideId "2026961"]
[WhiteElo "2419"]
[BlackElo "2608"]
[Result "0-1"]
[Round "01"]
[TimeControl "180+1"]
[Date "2022.04.05"]
[WhiteClock "0:00:05"]
[BlackClock "0:00:10"]

1. Nf3 Nf6 2. g3 g6 3. Bg2 Bg7 4. O-O O-O 5. d4 d6 6. b3 c6 7. Bb2 Bf5 8. c4 Qc8 9. Re1 Bh3 10. Bh1 h6 11. Nc3 Nbd7 12. e4 Bg4 13. Bg2 e5 14. d5 cxd5 15. cxd5 Nc5 16. b4 Na6 17. a3 Qd7 18. Qa4 Qxa4 19. Nxa4 Rac8 20. h3 Bd7 21. Nc3 h5 22. Nd2 Nc7 23. Bf1 Rfd8 24. Nb3 Bh6 25. Bc1 Kg7 26. Bxh6+ Kxh6 27. h4 Na8 28. Rac1 Nb6 29. Na5 Rb8 30. f3 a6 31. Kf2 Rdc8 32. Ke3 Ne8 33. Kd2 f5 34. Bd3 Nf6 35. Ne2 Kg7 36. Rxc8 Nxc8 37. Rc1 Ne8 38. Nc3 Nb6 39. Ke3 Kf6 40. f4 Ke7 41. fxe5 dxe5 42. Nc4 Nxc4+ 43. Bxc4 Nd6 44. Bd3 Rf8 45. exf5 gxf5 46. Re1 Rc8 47. Kd2 e4 48. Be2 Be8 49. Rc1 Kf6 50. Ke3 Ke5 51. Bf1 Bb5 52. Be2 Bxe2 53. Kxe2 Nb5 54. Na2 Rxc1 55. Nxc1 Kxd5 56. a4 Nc3+ 57. Ke3 Ke5 58. a5 Nd5+ 59. Kd2 Nxb4 60. Nb3 Nc6 61. Nc5 Nxa5 62. Nd7+ Kd4 63. Nf8 Nc4+ 64. Ke1 a5 65. Ng6 a4 66. Nf4 a3 67. Ne6+ Kc3 68. Nc5 a2 69. Na4+ Kc2 70. Ke2 a1=Q 0-1


[Site "https://www.chess.com"]

[Event "Titled Tuesday Blitz April 05 Late 2022"]
[White "Sanchez, Robert"]
[Black "Barbosa, Evandro Amorim"]
[WhiteFideId "2034360"]
[BlackFideId "2115824"]
[WhiteElo "2323"]
[BlackElo "2454"]
[Result "0-1"]
[Round "01"]
[TimeControl "180+1"]
[Date "2022.04.06"]
[WhiteClock "0:00:31"]
[BlackClock "0:00:57"]

1. e4 c5 2. Nf3 e6 3. d4 cxd4 4. Nxd4 Nc6 5. Nc3 Qc7 6. g3 a6 7. Bg2 Nf6 8. O-O d6 9. Be3 Nd7 10. Nxc6 bxc6 11. f4 Be7 12. Kh1 O-O 13. Ne2 Rb8 14. Rb1 c5 15. c4 Bb7 16. b3 Bc6 17. Qd2 Rfe8 18. Rbd1 Qb7 19. Nc3 Bf6 20. e5 dxe5 21. f5 e4 22. fxe6 fxe6 23. Qc2 Bxc3 24. Qxc3 Rbd8 25. Bg5 e3 26. Rg1 Bxg2+ 27. Rxg2 e2 28. Re1 Rf8 29. Kg1 Rf1+ 30. Rxf1 exf1=Q+ 31. Kxf1 Rf8+ 32. Rf2 Qh1+ 33. Ke2 Rxf2+ 34. Kxf2 Qxh2+ 35. Ke1 Qh1+ 36. Kf2 Qe4 37. Be3 Ne5 38. Bxc5 Nd3+ 0-1


[Site "https://www.chess.com"]

[Event "Titled Tuesday Blitz April 05 Late 2022"]
[White "Sarana, Alexey"]
[Black "Swicarz, Maciej"]
[WhiteFideId "24133795"]
[BlackFideId "1113585"]
[WhiteElo "2666"]
[BlackElo "2057"]
[Result "1-0"]
[Round "01"]
[TimeControl "180+1"]
[Date "2022.04.05"]
[WhiteClock "0:02:06"]
[BlackClock "0:01:17"]

1. d4 Nf6 2. c4 e6 3. Nf3 c5 4. d5 exd5 5. cxd5 d6 6. Nc3 g6 7. e4 Bg7 8. Be2 O-O 9. Be3 a6 10. a4 Re8 11. Nd2 Nbd7 12. O-O Qe7 13. Bf4 Ne5 14. h3 Bd7 15. Bh2 Bc8 16. a5 Rb8 17. Re1 h5 18. f4 Ned7 19. Bf3 b5 20. axb6 Rxb6 21. e5 Nh7 22. Nc4 Rb4 23. Nxd6 Rf8 24. Nxc8 Rxc8 25. d6 Qe6 26. Nd5 Rxb2 27. Ne7+ 1-0


[Site "https://www.chess.com"]

[Event "Titled Tuesday Blitz April 05 Late 2022"]
[White "Sevian, Samuel"]
[Black "Shapiro, David"]
[WhiteFideId "2040506"]
[BlackFideId "24133523"]
[WhiteElo "2698"]
[BlackElo "2320"]
[Result "1/2-1/2"]
[Round "01"]
[TimeControl "180+1"]
[Date "2022.04.05"]
[WhiteClock "0:02:06"]
[BlackClock "0:00:07"]

1. d4 d5 2. c4 c6 3. Nc3 Nf6 4. e3 a6 5. Bd3 b5 6. c5 g6 7. f4 Bg7 8. Nf3 O-O 9. Qc2 a5 10. Ne5 Nfd7 11. O-O Nxe5 12. dxe5 f6 13. exf6 exf6 14. e4 b4 15. Na4 dxe4 16. Bc4+ Kh8 17. Nb6 Ra7 18. Be3 Qe7 19. Rad1 Be6 20. Rd6 Bxc4 21. Qxc4 f5 22. Rfd1 Qf7 23. Re6 Re7 24. Rdd6 Rxe6 25. Rxe6 Re8 26. Rxe4 Qxc4 27. Rxe8+ Qg8 28. Rxg8+ Kxg8 29. b3 Kf7 30. Nc4 Ke6 31. Nxa5 Kd5 32. Nc4 Bd4 33. Kf2 Kxc5 34. Ke2 Nd7 35. Kd3 Bxe3 36. Nxe3 Nb6 37. g3 Kd6 38. h3 h5 39. Ng2 Nd5 40. Nh4 Ne7 41. Kc4 c5 42. Nf3 Nc6 43. h4 Na5+ 44. Kb5 Nc6 45. Kb6 Nd4 46. Ne5 Ne2 47. Nxg6 Nxg3 48. Kb5 Kd5 49. Ne7+ Ke4 50. Kxc5 Kxf4 51. Kxb4 Ke4 52. a4 f4 53. a5 f3 54. a6 f2 55. a7 f1=Q 56. a8=Q+ Kf4 57. Qf8+ Kg4 58. Qg7+ Kxh4 59. Ng6+ Kh3 60. Qe7 Qf5 61. Qh4+ Kg2 62. Nf4+ Kf3 63. Nxh5 Qxh5 64. Qd8 Qg4+ 65. Ka3 Ne4 66. b4 Qf4 67. Ka4 Nd2 68. Qd5+ Ne4 69. b5 Ke3 70. Ka5 Qc7+ 71. b6 Qc5+ 72. Qxc5+ Nxc5 73. Kb5 Nb7 74. Kc6 Na5+ 75. Kc7 Kd4 76. b7 Nxb7 1/2-1/2


[Site "https://www.chess.com"]

[Event "Titled Tuesday Blitz April 05 Late 2022"]
[White "Shandrygin, Nikita"]
[Black "Holt, Conrad"]
[WhiteFideId "24198668"]
[BlackFideId "2034387"]
[WhiteElo "2323"]
[BlackElo "2586"]
[Result "1/2-1/2"]
[Round "01"]
[TimeControl "180+1"]
[Date "2022.04.05"]
[WhiteClock "0:00:07"]
[BlackClock "0:00:07"]

1. Nf3 d5 2. g3 Bg4 3. Bg2 Nd7 4. d4 e6 5. O-O Bd6 6. c4 c6 7. Nbd2 Ngf6 8. b3 O-O 9. Bb2 Qb8 10. Rc1 a5 11. a3 Re8 12. Re1 h6 13. Nh4 e5 14. cxd5 cxd5 15. dxe5 Bxe5 16. Bxe5 Nxe5 17. Nhf3 Nc6 18. Nf1 Qd6 19. Ne3 Rxe3 20. fxe3 Qxa3 21. Nd4 a4 22. Ra1 Qe7 23. Qd2 a3 24. Rec1 Nb4 25. Nb5 a2 26. Rc7 Qe5 27. Qd4 Qxd4 28. Nxd4 Ra7 29. Bf3 Bd7 30. Nc2 Nxc2 31. Rxc2 Bc6 32. Rcxa2 Rxa2 33. Rxa2 Kf8 34. Ra8+ Ke7 35. Kf2 g6 36. Ke1 h5 37. Kd2 Nd7 38. Kc3 Kd6 39. b4 Nf6 40. Ra1 Nd7 41. Rd1 Ke6 42. b5 Bxb5 43. Bxd5+ Ke7 44. Kd4 Bxe2 45. Rd2 Ba6 46. Rb2 Nf6 47. Bxb7 Bf1 48. e4 Bh3 49. e5 Nd7 50. Bd5 Nf8 51. Rf2 Be6 52. Be4 Nd7 53. Bd5 Nf8 54. Bxe6 Nxe6+ 55. Ke4 Nc7 56. Rf6 Ne6 57. Rf1 Ng5+ 58. Kd5 Ne6 59. Ra1 Nc7+ 60. Ke4 Ne6 61. Ra7+ Kf8 62. h4 Kg7 63. Kd5 g5 64. hxg5 Nxg5 65. Kd6 Ne4+ 66. Ke7 Kg6 67. Ke8 Ng5 68. Ra6+ Kf5 69. Rh6 Kxe5 70. Rxh5 Kf5 71. Ke7 Kg4 72. Rxg5+ Kxg5 73. Kxf7 Kg4 74. Ke6 Kxg3 1/2-1/2


[Site "https://www.chess.com"]

[Event "Titled Tuesday Blitz April 05 Late 2022"]
[White "Shimanov, Aleksandr"]
[Black "Garagulya, Konstantin"]
[WhiteFideId "4198603"]
[BlackFideId "4128931"]
[WhiteElo "2636"]
[BlackElo "2329"]
[Result "1-0"]
[Round "01"]
[TimeControl "180+1"]
[Date "2022.04.05"]
[WhiteClock "0:00:56"]
[BlackClock "0:00:21"]

1. d4 d5 2. Nc3 Nf6 3. Bf4 c6 4. e3 Bf5 5. f3 h6 6. g4 Bg6 7. h4 Qb6 8. Rb1 e6 9. Bd3 Bxd3 10. cxd3 Nbd7 11. Nge2 c5 12. dxc5 Bxc5 13. d4 Be7 14. Kf2 Rc8 15. Qd3 Qa6 16. Nb5 Qb6 17. Rbc1 Rc6 18. a4 a6 19. Bc7 Rxc7 20. Nxc7+ Kd8 21. Rc2 Bd6 22. Rhc1 Ke7 23. Kg2 Rd8 24. Nf4 g6 25. g5 hxg5 26. hxg5 Nh7 27. Ncxd5+ 1-0


[Site "https://www.chess.com"]

[Event "Titled Tuesday Blitz April 05 Late 2022"]
[White "Sliwicki, Damian"]
[Black "Leiva, Gianmarco"]
[WhiteFideId "1127128"]
[BlackFideId "3804399"]
[WhiteElo "2084"]
[BlackElo "2323"]
[Result "1-0"]
[Round "01"]
[TimeControl "180+1"]
[Date "2022.04.06"]
[WhiteClock "0:00:25"]
[BlackClock "0:00:02"]

1. e4 c5 2. g4 d5 3. Bg2 dxe4 4. Bxe4 Nf6 5. Bf3 Nc6 6. d3 Nd4 7. g5 Nxf3+ 8. Qxf3 Nd5 9. Ne2 Nb4 10. Na3 Bd7 11. O-O Bc6 12. Qf5 e6 13. Qe5 Nxc2 14. Nxc2 Qxd3 15. Ne1 Qd7 16. Bf4 f6 17. gxf6 Rg8 18. Qh5+ Qf7 19. Qxf7+ Kxf7 20. fxg7 Bxg7 21. Bg3 h5 22. h4 Bb5 23. Nc3 Bxf1 24. Kxf1 Bxc3 25. bxc3 Rad8 26. Nf3 Ke7 27. Bf4 Rd3 28. Bg5+ Kd6 29. Bf4+ Ke7 30. Ne5 Rxc3 31. Rd1 Kf6 32. Rd7 Rh3 33. Rf7# 1-0


[Site "https://www.chess.com"]

[Event "Titled Tuesday Blitz April 05 Late 2022"]
[White "Smirnov, Pavel"]
[Black "Martin Duque, Jesus"]
[WhiteFideId "4123425"]
[BlackFideId "2208954"]
[WhiteElo "2539"]
[BlackElo "2243"]
[Result "1-0"]
[Round "01"]
[TimeControl "180+1"]
[Date "2022.04.06"]
[WhiteClock "0:01:41"]
[BlackClock "0:00:39"]

1. e4 c5 2. c3 Nf6 3. e5 Nd5 4. d4 cxd4 5. Nf3 e6 6. cxd4 b6 7. Nc3 Nxc3 8. bxc3 Qc7 9. Bd2 d6 10. Bd3 Nd7 11. O-O Bb7 12. Ng5 dxe5 13. f4 exd4 14. f5 dxc3 15. fxe6 Bc5+ 16. Kh1 O-O-O 17. exd7+ Rxd7 18. Bf5 cxd2 19. Qxd2 Rd8 20. Rad1 Bc6 21. Qe2 f6 22. Ne6 Re8 23. Qg4 h5 24. Qxh5 Bxg2+ 25. Kxg2 Rxe6 26. Bxe6 Qc6+ 27. Bd5 Qb5 28. Qf5 1-0


[Site "https://www.chess.com"]

[Event "Titled Tuesday Blitz April 05 Late 2022"]
[White "Suarez Uriel, Adrian"]
[Black "Rasulov, Vugar"]
[WhiteFideId "22230874"]
[BlackFideId "13402390"]
[WhiteElo "2316"]
[BlackElo "2560"]
[Result "0-1"]
[Round "01"]
[TimeControl "180+1"]
[Date "2022.04.05"]
[WhiteClock "0:02:39"]
[BlackClock "0:02:46"]

1. e4 c5 2. Nf3 d6 3. Nc3 Nc6 4. d4 cxd4 5. Nxd4 Nf6 6. Bg5 e6 7. Qd2 a6 8. O-O-O Be7 9. h4 O-O 10. f4 Bd7 11. g4 b5 12. Bxf6 Bxf6 13. Nxc6 Bxc6 14. g5 Bxc3 15. Qxc3 Bxe4 16. Rg1 Rc8 0-1


[Site "https://www.chess.com"]

[Event "Titled Tuesday Blitz April 05 Late 2022"]
[White "Suder, Jakub"]
[Black "Djordjevic, Dejan N"]
[WhiteFideId "1195310"]
[BlackFideId "913316"]
[WhiteElo "2058"]
[BlackElo "2262"]
[Result "1-0"]
[Round "01"]
[TimeControl "180+1"]
[Date "2022.04.06"]
[WhiteClock "0:01:45"]
[BlackClock "0:00:01"]

1. d4 Nf6 2. c4 g6 3. Nc3 Bg7 4. e4 d6 5. Be2 O-O 6. Nf3 Nc6 7. O-O e5 8. d5 Ne7 9. Ne1 Ne8 10. f4 h6 11. Nd3 exf4 12. Bxf4 g5 13. Bg3 Ng6 14. Bg4 Qe7 15. Bxc8 Rxc8 16. Qe2 Nf6 17. e5 dxe5 18. Ne4 Nxe4 19. Qxe4 Rce8 20. Rf5 Nf4 21. Rd1 b6 22. h4 a5 23. hxg5 hxg5 24. Re1 Nxd3 25. Qxd3 f6 26. Qe4 Rd8 27. Bf2 Qb4 28. Qc2 Rfe8 29. Rf3 a4 30. Rh3 b5 31. Qg6 Re7 32. Rf3 Rf8 33. Rh3 Qxc4 34. Rd1 b4 35. d6 cxd6 36. Rxd6 Qc1+ 37. Kh2 Qf4+ 38. Bg3 Qc4 39. b3 axb3 40. axb3 Qc5 41. Qh7+ Kf7 42. Qh5+ Kg8 43. Rd3 Qc6 44. Rf3 Qe6 45. Qh7+ Kf7 46. Rh6 Rg8 47. Kg1 Ke8 48. Rg6 Kf8 49. Bf2 e4 50. Re3 Rd7 51. Re1 Qf7 52. Bc5+ Ke8 53. Rxe4+ Kd8 54. Rxg7 Rxg7 55. Qh8+ Kc7 56. Qh2+ Kc6 57. Bf2 Qd5 58. Re1 1-0


[Site "https://www.chess.com"]